Map: [ESL] Site Delta

Players

Ryung - Winner!

  • Race: Terran Terran
  • Spawn Location: 11:00

Future

  • Race: Terran Terran
  • Spawn Location: 5:00

Event: ESL Spring 2024 Finals

VOD

Have the link to the VOD?

Description

Time

  • Played on: May 31, 2024, 11:31 a.m.
  • Length: 10:04

All games in this series

Show
View Real Time Build Order
Export as new Build Order

Ryung Terran - Winner!

Build Orders:  

Get SALT Encoding   

  12  0:00  SCV  
  13  0:12  SCV  
  14  0:17  Supply Depot  
  14  0:24  SCV  
  15  0:38  SCV  
  15  0:41  Barracks  
  16  0:43  Refinery  
  16  0:50  SCV  
  16  0:53  Refinery  
  17  1:03  SCV  
  18  1:15  SCV  
  19  1:28  Orbital Command, Reaper  
  19  1:32  Supply Depot  
  20  1:43  Factory  
  20  1:53  SCV  
  20  2:00  Reaper  
  21  2:05  SCV  
  22  2:17  SCV  
  22  2:22  Command Center  
  23  2:29  SCV, Hellion  
  26  2:39  Starport  
  26  2:42  SCV, Barracks Reactor  
  27  2:48  Supply Depot  
  27  2:53  Widow Mine  
  27  2:55  SCV  
  30  3:07  SCV  
  32  3:20  SCV  
  32  3:21  Widow Mine, Medivac  
  32  3:24  Marine x2  
  37  3:32  SCV  
  38  3:35  Orbital Command  
  38  3:44  SCV, Marine x2  
  38  3:45  Cyclone  
  43  3:56  SCV  
  43  3:58  Starport Tech Lab  
  44  4:03  SCV  
  44  4:05  Marine x2, Refinery  
  44  4:08  SCV  
  48  4:11  Supply Depot  
  48  4:15  SCV  
  49  4:17  Factory Tech Lab  
  49  4:18  Raven  
  49  4:20  SCV  
  52  4:26  Supply Depot  
  52  4:27  SCV  
  53  4:32  SCV  
  53  4:37  Siege Tank  
  57  4:39  SCV  
  58  4:47  SCV  
  58  4:50  Command Center  
  58  4:51  SCV, Interference Matrix  
  60  4:55  Raven  
  60  4:56  Supply Depot  
  60  4:59  SCV  
  63  5:03  SCV  
  64  5:09  Siege Tank  
  64  5:11  SCV  
  64  5:13  Refinery  
  64  5:14  Marine x2  
  69  5:20  SCV  
  69  5:21  Supply Depot  
  69  5:23  SCV  
  69  5:25  Supply Depot  
  70  5:31  Raven  
  70  5:32  SCV  
  70  5:35  SCV  
  74  5:41  Barracks  
  74  5:42  Siege Tank  
  77  5:43  Barracks  
  77  5:44  SCV  
  77  5:47  SCV  
  79  5:51  Engineering Bay  
  79  5:53  Engineering Bay  
  79  5:59  SCV x2  
  79  6:02  Orbital Command  
  79  6:14  Siege Tank  
  79  6:15  SCV x2  
  79  6:18  Viking x2  
  87  6:20  Marine  
  87  6:21  Stimpack  
  85  6:35  Barracks Reactor  
  85  6:36  Barracks Reactor  
  85  6:41  SCV x2  
  85  6:46  Siege Tank, Barracks  
  90  6:48  Barracks  
  90  6:56  Supply Depot x2  
  90  6:57  Viking  
  94  7:11  Marine x3  
  97  7:17  SCV  
  97  7:18  SCV  
  97  7:20  Marine x2  
  97  7:22  Terran Infantry Weapons Level 1, Terran Infantry Armor Level 1  
  101  7:27  Starport Reactor  
  101  7:29  Supply Depot, Marine x2  
  101  7:30  Supply Depot  
  101  7:31  Marine  
  101  7:33  Orbital Command  
  101  7:35  Marine  
  101  7:36  Marine  
  104  7:37  Marine  
  104  7:38  Marine  
  106  7:44  Siege Tank  
  106  7:46  Marine x2  
  106  7:49  Marine  
  112  7:53  Marine x2  
  112  7:55  Marine x2  
  116  8:04  Marine x2  
  109  8:07  Marine  
  109  8:11  Combat Shield, Marine x2  
  100  8:13  Marine x2  
  100  8:16  Siege Tank  
  95  8:22  Marine x2  
  95  8:24  Marine  
  95  8:26  SCV x3  
  97  8:31  Marine x2, Barracks Reactor x2  
  97  8:32  Starport Reactor  
  99  8:37  Armory  
  99  8:38  SCV x3  
  99  8:40  Marine x2  
  104  8:42  Marine  
  104  8:47  Supply Depot x2  
  105  8:48  Supply Depot  
  105  8:50  SCV x3  
  105  8:51  Siege Tank  
  105  8:55  Marine x2  
  113  8:58  Marine  
  114  9:08  Marine x4  
  118  9:11  Supply Depot  
  118  9:14  Medivac x2  
  118  9:15  Marine x2  
  118  9:16  Supply Depot, Marine x2  
  126  9:20  Marine  
  126  9:24  Command Center  
  127  9:25  Marine x2  
  127  9:26  Supply Depot  
  126  9:40  Marine  
Show
View Real Time Build Order
Export as new Build Order

Future Terran 

Build Orders: Cyclone Opening 

Get SALT Encoding   

  12  0:00  SCV  
  13  0:12  SCV  
  14  0:17  Supply Depot  
  14  0:24  SCV  
  15  0:39  SCV  
  15  0:40  Barracks  
  16  0:43  Refinery  
  16  0:51  SCV  
  17  1:03  SCV  
  18  1:15  SCV  
  19  1:27  Orbital Command, Marine  
  20  1:41  Command Center  
  20  1:45  Reaper  
  21  1:53  Supply Depot, SCV  
  22  2:03  Factory  
  22  2:05  SCV  
  23  2:13  Refinery  
  23  2:17  SCV, Marine  
  23  2:22  Bunker  
  25  2:29  SCV  
  26  2:35  Marine  
  27  2:41  SCV  
  28  2:46  Cyclone  
  28  2:49  Starport  
  30  2:53  SCV  
  30  2:56  Orbital Command  
  31  3:00  Barracks Reactor  
  31  3:05  SCV  
  32  3:14  Refinery  
  32  3:17  SCV  
  32  3:23  SCV  
  32  3:25  Factory Tech Lab  
  33  3:29  Viking  
  33  3:31  SCV  
  36  3:35  SCV  
  36  3:36  Marine x2  
  36  3:39  Supply Depot  
  39  3:44  Siege Tank  
  39  3:45  SCV  
  43  3:52  SCV  
  43  3:54  Marine x2  
  45  4:03  SCV  
  45  4:04  SCV  
  45  4:05  Starport  
  45  4:06  Supply Depot  
  47  4:16  Siege Tank  
  50  4:17  SCV x2  
  50  4:22  Viking  
  54  4:27  Viking  
  54  4:29  SCV  
  57  4:33  Supply Depot  
  57  4:40  SCV  
  57  4:41  SCV  
  59  4:46  Viking  
  61  4:54  Viking  
  61  4:57  Supply Depot, SCV x2  
  61  4:58  Viking  
  67  5:09  Supply Depot, SCV x2  
  69  5:18  Siege Tank  
  72  5:21  SCV x2  
  72  5:23  Supply Depot  
  74  5:30  Viking x2  
  74  5:34  Refinery  
  78  5:36  Supply Depot  
  78  5:37  SCV  
  78  5:38  SCV  
  80  5:43  Marine, Viking  
  84  5:50  SCV x2  
  84  5:55  Supply Depot  
  85  5:57  Siege Tank  
  85  6:02  SCV x2  
  90  6:05  Supply Depot  
  88  6:14  Liberator  
  88  6:16  SCV x2  
  93  6:24  Viking  
  93  6:25  Viking  
  93  6:33  Command Center  
  93  6:42  SCV  
  93  6:45  Siege Tank  
  97  6:50  SCV  
  98  6:54  SCV, Viking  
  97  7:03  Barracks x2  
  97  7:07  Liberator x2, Marine  
  103  7:09  SCV  
  102  7:21  SCV x2  
  104  7:24  Viking  
  106  7:31  Siege Tank  
  106  7:33  SCV  
  106  7:35  Barracks x2  
  110  7:53  Engineering Bay  
  110  7:54  Engineering Bay  
  110  7:58  Barracks Tech Lab  
  110  7:59  Barracks Tech Lab  
  110  8:04  Siege Tank  
  106  8:05  Viking x2  
  92  8:20  Marine x2  
  92  8:23  SCV x2  
  92  8:24  Orbital Command  
  82  8:32  Combat Shield  
  82  8:35  SCV x2  
  82  8:37  Marine  
  82  8:38  Barracks Reactor x2  
  85  8:42  Refinery  
  85  8:47  SCV, Refinery  
  86  8:52  SCV  
  86  8:54  SCV  
  86  8:55  Marine  
  90  8:56  Barracks Reactor  
  90  8:58  Starport Reactor  
  90  8:59  SCV  
  90  9:02  Command Center  
  90  9:06  Missile Turret  
  90  9:07  Siege Tank, Missile Turret  
  90  9:09  Missile Turret  
  93  9:10  Marine  
  93  9:12  Viking  
  93  9:13  Marine  
  97  9:18  Marine x4  
  101  9:24  Viking  
  101  9:26  Sensor Tower  
  101  9:28  Marine  
  101  9:30  Marine  
  103  9:34  Marine  
  103  9:35  Marine  
  103  9:36  Marine x4  
  105  9:45  Marine  
Tags
 
Add a new tag
Caveats
  • Supply blocks, unpowered buildings, or Contaminate may cause inaccurate times.
  • Supply counts are checked every 10 seconds.